 Dungeon Crawl Stone Soup version 0.25-a0-424-g80bd347ae0 (webtiles) character file.

Game seed: 262294343445638458, levelgen mode: deterministic

257 Kohma the Chopper (level 6, 0/51 HPs)
             Began as a Hill Orc Abyssal Knight on Jan 20, 2020.
             Was a Believer of Lugonu.
             Slain by an orc wizard
             ... wielding a +1 dagger of electrocution
              (15 damage)
             ... on level 3 of the Dungeon.
             The game lasted 00:08:39 (3875 turns).

Kohma the Chopper (Hill Orc Abyssal Knight)         Turns: 3875, Time: 00:08:40

Health: 0/51       AC:  7    Str: 17    XL:     6   Next: 16%
Magic:  10/10      EV: 10    Int: 12    God:    Lugonu [**....]
Gold:   161        SH:  0    Dex: 10    Spells: 5/5 levels left

rFire    . . .     SeeInvis .   a - +1 hand axe
rCold    . . .     Gourm    .   (no shield)
rNeg     . . .     Faith    .   h - +0 ring mail
rPois    .         Spirit   .   d - +0 helmet
rElec    .         Reflect  .   p - scarf {cloud immunity}
rCorr    .         Harm     .   o - +0 pair of gloves
MR       .....                  (no boots)
Stlth    ..........             (no amulet)
HPRegen  0.17/turn              (no ring)
MPRegen  0.12/turn              (no ring)

@: no status effects
A: no striking features
a: Depart the Abyss, Bend Space, Renounce Religion


You were on level 3 of the Dungeon.
You worshipped Lugonu.
Lugonu was pleased with you.
You were not hungry.

You visited 1 branch of the dungeon, and saw 3 of its levels.
You visited the Abyss 1 time.

You collected 161 gold pieces.

Inventory:

Hand Weapons
 a - a +1 hand axe (weapon)
Missiles
 e - 66 sling bullets
 q - 18 poisoned darts (quivered)
 u - 7 silver javelins
Armour
 d - a +0 helmet (worn)
 h - a +0 ring mail (worn)
 o - a +0 pair of gloves (worn)
 p - a scarf of cloud immunity (worn)
Jewellery
 i - a cursed ring of resist corrosion {unknown}
Scrolls
 b - a scroll of random uselessness {unknown}
 g - 2 scrolls of remove curse {unknown}
 j - 5 scrolls of teleportation {unknown}
 n - 3 scrolls of magic mapping {unknown}
 s - a scroll of enchant armour {unknown}
 t - a scroll of identify {unknown}
Potions
 f - 2 potions of berserk rage {unknown}
 k - a potion of agility {unknown}
 l - a potion of brilliance {unknown}
 m - a potion of curing {unknown}
Comestibles
 c - 5 rations
 r - 4 chunks of flesh


   Skills:
 - Level 3.6 Fighting
 + Level 6.1 Axes
 - Level 2.1 Armour
 - Level 0.7 Dodging
 + Level 6.0 Invocations


You had 5 spell levels left.
You didn't know any spells.
Your spell library was empty.

Dungeon Overview and Level Annotations

Branches:
Dungeon (3/15)

Altars:
Ashenzari
Dithmenos
Elyvilon
Nemelex Xobeh
Trog
Yredelemnul


Message History

The worm is moderately wounded.
You miss something. Something hits you but does no damage.
You slash the worm!
The worm is almost dead.
You miss something. The worm bites you. Something hits you but does no damage.
You hit the worm but do no damage.
The worm is almost dead.
You hit something but do no damage. Something hits you.
You hit the worm.
You kill the worm!
Lugonu accepts your kill.
You hit something. Something hits you.
You hit something.
You hear some strange, mumbled words.
A magic dart appears from out of thin air!
The magic dart hits you.
You barely miss something. Something hits you.
* * * LOW HITPOINT WARNING * * *
You are electrocuted!
You die...

#...# #.### .#...........#
#...# #####.#####.#.#.#._..#.#
#...###...........#. .#...#..#
#.รทรท.........######.
.##.##..#
#####.)###.###..######.#
#.##..#
...(....................
#.....#
######.####.##..######.#
#.....# #.#
#.##..######.#..#....## #.#
.##.)@).....#......).. #..
.##.##########.###..## #.. ...
#.###..# ### #### #### #......#
##.## #####.## #.#.## ##### #.#
.###.#####...######## #.# ##
##............(..#########.#
.###.#####...######...........#


There were no monsters in sight!

Vanquished Creatures
  An orc wizard (D:3)
  Natasha (thrice) (D:2)
  4 adders
  An ooze (D:2)
  2 worms (D:3)
  2 dart slugs (D:1)
  4 leopard geckos
  10 orcs (D:3)
  10 bats
  4 giant cockroaches
  2 gnoll zombies (D:2)
  10 goblins
  10 hobgoblins
  A quokka (D:2)
  7 frilled lizards
  7 kobolds
  13 rats
91 creatures vanquished.

Notes
Turn   | Place    | Note
-------+----------+-------------------------------------------
     0 | Abyss:1  | Kohma the Hill Orc Abyssal Knight began the quest for the
                  | Orb.
     0 | Abyss:1  | Reached XP level 1. HP: 19/19 MP: 2/2
    34 | Abyss:1  | Noticed a small abomination
    36 | Abyss:1  | Noticed a thrashing horror
    39 | D:1      | Escaped the Abyss
   402 | D:1      | Reached XP level 2. HP: 14/26 MP: 4/4
   878 | D:1      | Reached * piety under Lugonu
  1027 | D:1      | Reached XP level 3. HP: 31/31 MP: 5/5
  1405 | D:2      | Found a shattered altar of Ashenzari.
  1922 | D:2      | Reached XP level 4. HP: 37/39 MP: 7/7
  1970 | D:2      | Found a bloodstained altar of Trog.
  1979 | D:2      | Noticed Natasha
  1989 | D:2      | Killed Natasha
  2127 | D:2      | Noticed Natasha
  2257 | D:2      | Reached skill level 5 in Axes
  2347 | D:2      | Found a basalt altar of Yredelemnul.
  2446 | D:2      | Killed Natasha
  2446 | D:2      | Reached skill level 5 in Invocations
  2446 | D:2      | Reached XP level 5. HP: 45/45 MP: 8/8
  2507 | D:2      | Found a white marble altar of Elyvilon.
  2565 | D:2      | Found a white marble altar of Elyvilon.
  2633 | D:2      | Found a bloodstained altar of Trog.
  2793 | D:2      | Found a basalt altar of Yredelemnul.
  2833 | D:2      | Noticed Natasha
  2841 | D:2      | Killed Natasha
  2933 | D:2      | Found a shattered altar of Ashenzari.
  3054 | D:3      | Reached ** piety under Lugonu
  3385 | D:3      | Reached XP level 6. HP: 42/51 MP: 10/10
  3599 | D:3      | Found a shadowy altar of Dithmenos.
  3828 | D:3      | Found a sparkling altar of Nemelex Xobeh.
  3875 | D:3      | Slain by an orc wizard

Levels and vault maps discovered:
D:1:      wander_arrival_lonely_grave, layout_basic, serial_forest,
          infiniplex_forest_clump_small, infiniplex_forest_zigzag_1,
          infiniplex_forest_clump_cross, infiniplex_forest_straight_4,
          infiniplex_forest_lined_2, infiniplex_forest_lined_room_,
          infiniplex_forest_clump_curved, infiniplex_forest_end_1,
          palyth_stone_intersect
D:2:      layout_rooms, nicolae_overflow_crystal_walls,
          lemuel_zombie_altar_yredelemnul, lemuel_crystal_altar,
          lemuel_coloured_pillars_altar, first_ration, minmay_three_crescents,
          uniq_natasha
D:3:      layout_loops_ring, grunt_dithmenos_smoke, lemuel_doored_altar

Skill      XL: |  1  2  3  4  5  6 |
---------------+-------------------+-----
Axes           | 3 4 5 6 |  6.1
Invocations    | 3 4 5 6 |  6.0
Fighting       | |  3.6
Armour         | |  2.1
Dodging        | |  0.7

Action                   |  1- 3 |  4- 6 || total
-------------------------+-------+-------++-------
Melee: Hand axe          |   126 |   190 ||   316
Throw: Dart              |       |     3 ||     3
Invok: Depart the Abyss  |     1 |       ||     1
  Eat: Chunk             |     3 |     7 ||    10
Armor: Leather armour    |    34 |       ||    34
       Ring mail         |    21 |   114 ||   135
Dodge: Dodged            |   107 |   147 ||   254

Table legend:
 A = Non-vault XP
 B = Vault XP
 C = Vault XP percentage of total XP
 D = Non-vault monster count
 E = Vault monster count
 F = Vault count percentage of total count
                 A         B        C        D         E       F
            +---------+---------+-------+---------+---------+-------
      Total |     317 |      51 |  13.9 |      82 |       9 |   9.9
            +---------+---------+-------+---------+---------+-------
        D:1 |      48 |       0 |   0.0 |      26 |       0 |   0.0
        D:2 |     147 |      51 |  25.8 |      21 |       9 |  30.0
        D:3 |     122 |       0 |   0.0 |      35 |       0 |   0.0
            +---------+---------+-------+---------+---------+-------
